cohdb
Replays
Latest Replays
All Replays
Popular Replays
Top Player Replays
Match Explorer
How It Works
Community
CoH3 Stats
Reddit
Sign in to upload your games and track your stats! →
Sign in with Steam
Match 45373768
Unlisted
Match 45373768
Overview
Messages
Build Orders
End
Kradschützen Motorcycle Team
Selects Italian Combined Arms Battlegroup
Selects Bersaglieri Squad
Bersaglieri Squad
Panzergrenadier Squad
250 Light Carrier
Construct Light Support Kompanie
Selects Vehicle Support - Secure Location
Construct Mechanized Kompanie
Combat Half-tracks
Support Armor Elements
Veteran Squad Leaders
Assault Mechanized Group
StuG III D Assault Gun
Selects Semovente da 75/18 Assault Gun
ThreekidsinaTrenchcoat
Polka_Pete
0
0
Comments
sign in to comment!
No comments posted yet!